 Dungeon Crawl Stone Soup version 0.31-a0-229-g1fc7ce93e2 (webtiles) character file.

Game seed: 284676236812404922

808 qw the Shooter (level 7, -9/44 HPs)
             Began as a Gargoyle Hexslinger on July 6, 2023.
             Mangled by an ogre
             ... wielding a +0 giant spiked club
              (20 damage)
             ... on level 5 of the Dungeon.
             The game lasted 00:01:46 (3881 turns).

qw the Shooter (Gargoyle Hexslinger)                Turns: 3881, Time: 00:01:46

Health: -9/44      AC: 14    Str: 12 (14) XL:     7   Next: 92%
Magic:  8/8        EV: 11    Int: 11 (14) God:
Gold:   248        SH:  0    Dex: 20      Spells: 7/8 levels left

rFire   . . .        Y - +0 orcbow
rCold   . . .        (shield currently unavailable)
rNeg    + . .        h - +0 ring mail
rPois   inf          f - +0 helmet
rElec   +            j - +0 cloak
rCorr   .            (no gloves)
SInv    .            l - +1 pair of boots "Fevvolim" {+Inv Str+3}
Will    .....        g - amulet of faith
Stlth   +            b - +6 ring of dexterity
HPRegen 0.27/turn    (no ring)
MPRegen 0.11/turn

%: faith
@: no status effects
A: sickness immunity, AC +4, negative energy resistance 1, electricity
resistance, torment resistance 1, petrification resistance
a: Evoke Invisibility


You were on level 5 of the Dungeon.
You visited 2 branches of the dungeon, and saw 7 of its levels.

You collected 248 gold pieces.


Innate Abilities, Weirdness & Mutations

You are immune to sickness and miasma.
Your stone body is resilient. (AC +4)
You are immune to poison.
You resist negative energy. (rN+)
You are resistant to electric shocks. (rElec)
You are resistant to unholy torment.
You are immune to petrification.


   Skills:
 - Level 4.5 Fighting
 + Level 7.2 Ranged Weapons
 - Level 2.1 Armour
 - Level 2.0 Dodging
 - Level 1.0 Spellcasting
 - Level 2.6 Hexes


You had 7 spell levels left.
You knew the following spells:

 Your Spells              Type           Power      Damage    Failure   Level
a - Slow                  Hex            24%        N/A       24%         1

Your spell library contained the following spells:

 Spells                   Type           Power      Damage    Failure   Level
 Inner Flame              Hex/Fire       3%         N/A       77%         3
 Portal Projectile        Hex/Tloc       6%         N/A       77%         3
 Cause Fear               Hex            3%         N/A       93%         4

Inventory:

Hand Weapons
 Y - a +0 orcbow (weapon)
Armour
 f - a +0 helmet (worn)
 h - a +0 ring mail (worn)
 j - a +0 cloak (worn)
 l - the +1 pair of boots "Fevvolim" (worn) {+Inv Str+3}
   (You found it on level 2 of the Dungeon)

   Str:       It affects your strength (+3).
   +Inv:      It lets you turn invisible.
Jewellery
 b - a +6 ring of dexterity (left hand)
 g - an amulet of faith (around neck)
Wands
 o - a wand of digging (2)
Scrolls
 i - 2 scrolls of identify
Potions
 a - a potion of mutation {unknown}
 c - a potion of berserk rage {unknown}
 d - 2 potions of curing {unknown}
 e - a potion of brilliance {unknown}
 m - a potion of magic {unknown}
 n - a potion of lignification {unknown}
 q - a potion of cancellation {unknown}

Dungeon Overview and Level Annotations

Branches:
Dungeon (6/15)             Temple (1/1) D:4

Altars:
Ashenzari
Dithmenos
Elyvilon
Gozag
Hepliaklqana
Kikubaaqudgha
Makhleb
Nemelex Xobeh
Qazlal
Ru
Trog
Uskayaw
Vehumet
Wu Jian
Xom
Yredelemnul
Zin
The Shining One

Shops:
D:6 (


Message History

3867 ||| FLEEEEING.
3868 ||| FLEEEEING.
3869 ||| STILL FLEEEEING.
3870 ||| FLEEEEING.
3871 ||| FLEEEEING.
3872 ||| FLEEEEING.
Your attacks no longer feel as feeble.
There is a stone staircase leading up here.
You shoot an arrow. The arrow hits the ogre.
The ogre is heavily wounded.
You shoot an arrow. The arrow hits the ogre.
The ogre is severely wounded.
The ogre hits you with a +0 giant spiked club!!
3875 ||| STAIRDANCE The ogre closely misses you.
You climb upwards.
There is a stone staircase leading down here.
Enter note:
Enter note:
Enter note:
Enter note:
Enter note:
Enter note:
Enter note:
Enter note:
Enter note: You shoot an arrow.
The arrow hits the ogre.
The ogre is severely wounded.
The ogre barely misses you.
You shoot an arrow. The arrow completely misses the ogre.
The ogre hits you with a +0 giant spiked club!!
Ouch! That really hurt!
3879 ||| DRINKING potion of heal wounds.
You feel much better.
You shoot an arrow. The arrow hits the ogre.
The ogre is almost dead.
The ogre hits you with a +0 giant spiked club!
You shoot an arrow. The arrow barely misses the ogre.
The ogre hits you with a +0 giant spiked club!!
You die...

#.## ##..###.#####>#.#.# #.# .##
##.#.........#.#.####.##### #.##
##.##..#######.#...........
##.####...##..# #.#####.......
##.##.....##.# #.# #.......
###.....7.....# #.# #.#..%..
.######...##### ##.#####.#..%..
.###.##...#..######..............
.....##.<.#.....@O.....###.###)##
##.####...#..#.####.##.# #.# #.#
#.####...####.# #.##.# #.###.##
#......7...'..# #.##.# #.......
#####.....###.# #.##.# ########
##...##.#.####.##.#
##.##.........##.#
#'#..##.........#
#...#############


You could see an ogre.

Vanquished Creatures
  A black bear (D:4)
  A sky beast (D:6)
  A centaur (D:5)
  A howler monkey (D:5)
  4 hounds
  2 sleepcaps (D:6)
  Ijyb (D:5)
  2 iguanas
  Robin (D:2)
  12 adders
  4 gnolls (D:4)
  A worm (D:4)
  2 dart slugs
  6 orcs
  8 endoplasms
  3 giant cockroaches
  11 goblins
  6 hobgoblins
  7 jackals (D:3)
  6 quokkas
  6 ball pythons
  6 bats
  9 frilled lizards
  5 kobolds
  4 rats
110 creatures vanquished.

Notes
Turn   | Place    | Note
-------+----------+-------------------------------------------
     0 | D:1      | qw the Gargoyle Hexslinger began the quest for the Orb.
     0 | D:1      | Reached XP level 1. HP: 12/12 MP: 2/2
     0 | D:1      | 0 ||| qw: Version: 0.3-a-46-gb1f654a
     0 | D:1      | 0 ||| qw: Game counter: 1422
     0 | D:1      | 0 ||| qw: Melee chars always use a shield: true
     0 | D:1      | 0 ||| qw: God list: Okawaru
     0 | D:1      | 0 ||| qw: Allow faded altars: false
     0 | D:1      | 0 ||| qw: Do Orc after clearing Dungeon:15 true
     0 | D:1      | 0 ||| qw: Do second Lair branch before Depths: true
     0 | D:1      | 0 ||| qw: Lair rune preference: random
     0 | D:1      | 0 ||| qw: Goals: Normal
     0 | D:1      | 0 ||| PLANNING D:1-11
    74 | D:1      | Reached XP level 2. HP: 16/16 MP: 3/3
   199 | D:1      | Found a faded altar of an unknown god.
   218 | D:1      | Reached skill level 3 in Ranged Weapons
   430 | D:1      | 430 ||| UPGRADING to +0 helmet.
   435 | D:1      | 435 ||| UPGRADING to amulet of faith.
   440 | D:1      | 440 ||| READING scroll labelled USACKU AROSK.
   441 | D:1      | 441 ||| DROPPING scroll of poison.
   482 | D:2      | Reached XP level 3. HP: 21/21 MP: 4/4
   780 | D:2      | Reached XP level 4. HP: 20/26 MP: 5/5
   804 | D:2      | Identified the +1 pair of boots "Fevvolim" {+Inv Str+3}
   981 | D:2      | Noticed Robin
   989 | D:2      | Killed Robin
   990 | D:2      | Reached skill level 4 in Ranged Weapons
   993 | D:2      | 993 ||| FLEEEEING.
   994 | D:2      | 994 ||| STAIRDANCE
  1006 | D:1      | 1006 ||| UPGRADING to +0 leather armour.
  1016 | D:1      | 1016 ||| DROPPING +0 robe.
  1017 | D:1      | 1017 ||| UPGRADING to +0 cloak.
  1022 | D:1      | 1022 ||| UPGRADING to +1 pair of boots "Fevvolim" {+Inv
                  | Str+3}.
  1027 | D:1      | 1027 ||| READING scroll labelled RYJUNG PUQE.
  1028 | D:1      | 1028 ||| READING scroll labelled IRCHI OVONTEU.
  1029 | D:1      | 1029 ||| READING scroll labelled YKE INKUGRO.
  1030 | D:1      | 1030 ||| DRINKING 2 green potions.
  1217 | D:3      | Reached skill level 1 in Armour
  1615 | D:3      | 1615 ||| UPGRADING to +0 ring mail.
  1625 | D:3      | 1625 ||| DROPPING +0 leather armour.
  1626 | D:3      | 1626 ||| UPGRADING to +6 ring of dexterity.
  1627 | D:3      | 1627 ||| READING scroll labelled CYDARE ZECAI.
  1628 | D:3      | 1628 ||| READING scroll labelled GOM TITAT INU.
  1645 | D:4      | Reached XP level 5. HP: 30/30 MP: 6/6
  1676 | D:4      | Noticed a black bear
  1708 | D:4      | Reached skill level 5 in Ranged Weapons
  1979 | D:4      | Found a staircase to the Ecumenical Temple.
  1980 | D:4      | 1980 ||| PLANNING TEMPLE
  1987 | Temple   | Entered the Ecumenical Temple
  2143 | Temple   | 2143 ||| PLANNING D:1-11
  2279 | D:4      | Reached skill level 3 in Fighting
  2280 | D:4      | Reached XP level 6. HP: 25/37 MP: 7/7
  2441 | D:4      | Killed a black bear
  2689 | D:5      | Entered Level 5 of the Dungeon
  2803 | D:5      | Reached skill level 6 in Ranged Weapons
  2841 | D:5      | Noticed Ijyb
  2842 | D:5      | Paralysed by Ijyb for 4 turns
  2849 | D:5      | Paralysed by Ijyb for 5 turns
  2856 | D:5      | Killed Ijyb
  2992 | D:5      | Reached XP level 7. HP: 29/42 MP: 8/8
  3093 | D:5      | 3093 ||| SWAPPING to +0 orcbow.
  3094 | D:5      | 3094 ||| DROPPING +2 sling of flaming.
  3486 | D:5      | 3486 ||| READING scroll labelled GUDOGE LEREVI.
  3487 | D:5      | 3487 ||| READING scroll labelled PAATUO RESAKH.
  3491 | D:5      | 3491 ||| DRINKING 2 metallic green potions.
  3492 | D:5      | 3492 ||| DROPPING potion of degeneration.
  3552 | D:6      | Found Waoranowu's Weapon Emporium.
  3567 | D:6      | 3567 ||| SHOPLISTING +9 triple crossbow "Biufreir" {heavy,
                  | rElec rPois Str-4} (800 gold, have 222).
  3733 | D:6      | Reached skill level 7 in Ranged Weapons
  3866 | D:6      | 3866 ||| FLEEEEING.
  3867 | D:6      | 3867 ||| FLEEEEING.
  3868 | D:6      | 3868 ||| FLEEEEING.
  3870 | D:6      | 3870 ||| FLEEEEING.
  3871 | D:6      | 3871 ||| FLEEEEING.
  3872 | D:6      | 3872 ||| FLEEEEING.
  3875 | D:6      | 3875 ||| STAIRDANCE
  3878 | D:5      | HP: 2/44 [ogre/+0 giant spiked club (26)]
  3879 | D:5      | 3879 ||| DRINKING potion of heal wounds.
  3881 | D:5      | Mangled by an ogre

Levels and vault maps discovered:
D:1:      lightli_arrival_isolated_outpost, layout_basic,
          dreamdust_ecumenical_altar_statues
D:2:      layout_loops_ring, minmay_misc_feat_nine_boxes, uniq_robin
D:3:      layout_rooms
D:4:      nicolae_cairo_tiling_large_dashed, layout_basic,
          minmay_temple_entry_statues
D:5:      layout_loops_ring, grunt_ministairs_15, uniq_ijyb
D:6:      layout_basic, serial_shops, shop
Temple:   regret_index_temple_mists

Skill      XL: |  1  2  3  4  5  6  7 |
---------------+----------------------+-----
Ranged Weapons | 3 4 5 6 7 |  7.2
Fighting       | 2 3 4 |  4.5
Armour         | 1 2 |  2.1
Dodging        | 2 |  2.0
Spellcasting   | |  1.0
Hexes          | |  2.6

Action                     |  1- 3 |  4- 6 |  7- 9 || total
---------------------------+-------+-------+-------++-------
   Fire: Sling             |   115 |   193 |     9 ||   317
         Orcbow            |       |       |    83 ||    83
    Use: Scroll            |     1 |     5 |     2 ||     8
         Potion            |       |     1 |     2 ||     3
 Armour: Robe              |    18 |     2 |       ||    20
         Leather armour    |       |    22 |       ||    22
         Ring mail         |       |    28 |    61 ||    89
  Dodge: Dodged            |    28 |    68 |    41 ||   137

Table legend:
 A = Non-vault XP
 B = Vault XP
 C = Vault XP percentage of total XP
 D = Non-vault monster count
 E = Vault monster count
 F = Vault count percentage of total count
                 A         B        C        D         E       F
            +---------+---------+-------+---------+---------+-------
      Total |    1073 |      82 |   7.1 |      99 |      11 |  10.0
            +---------+---------+-------+---------+---------+-------
        D:1 |      28 |       0 |   0.0 |      19 |       0 |   0.0
        D:2 |      54 |      30 |  35.7 |      19 |       8 |  29.6
        D:3 |      52 |       0 |   0.0 |      21 |       0 |   0.0
        D:4 |     308 |       0 |   0.0 |      21 |       0 |   0.0
        D:5 |     223 |      52 |  18.9 |       8 |       3 |  27.3
        D:6 |     408 |       0 |   0.0 |      11 |       0 |   0.0
            +---------+---------+-------+---------+---------+-------
